 Dungeon Crawl Stone Soup version 0.29.1-1-gd02db6906a (webtiles) character file.

Game seed: 14437629315719948108

452 hikkokomori the Trooper (level 6, 0/57 HPs)
             Began as a Minotaur Fighter on Oct 6, 2022.
             Slain by a gnoll
             ... wielding a +0 halberd
              (8 damage)
             ... on level 5 of the Dungeon.
             The game lasted 00:04:22 (3373 turns).

hikkokomori the Trooper (Minotaur Fighter)          Turns: 3373, Time: 00:04:22

Health: 0/57       AC:  8    Str: 23    XL:     6   Next: 75%
Magic:  5/5        EV:  9    Int:  5    God:
Gold:   139        SH:  5    Dex:  9    Spells: 5/5 levels left

rFire   . . .      SeeInvis .   a - +0 war axe
rCold   + . .      Faith    .   c - +0 buckler
rNeg    . . .      Spirit   .   b - +0 scale mail
rPois   .          Reflect  .   (helmet restricted)
rElec   .          Harm     .   i - scarf {shadows}
rCorr   .          Rampage  .   (no gloves)
Will    .....                   w - +0 pair of boots
Stlth   ..........              (no amulet)
HPRegen 0.19/turn               o - ring of protection from cold
MPRegen 0.09/turn               (no ring)

@: no status effects
A: horns 2, retaliatory headbutt
a: no special abilities


You were on level 5 of the Dungeon.
You visited 1 branch of the dungeon, and saw 5 of its levels.

You collected 139 gold pieces.

Inventory:

Hand Weapons
 a - a +0 war axe (weapon)
Missiles
 r - 2 silver javelins (quivered)
 v - 6 atropa-tipped darts
Armour
 b - a +0 scale mail (worn)
 c - a +0 buckler (worn)
 i - a scarf of shadows (worn)
 w - a +0 pair of boots (worn)
Magical Staves
 f - a staff of poison
Jewellery
 o - a ring of protection from cold (left hand)
 u - an amulet of faith
Scrolls
 j - a scroll of fear {unknown}
 k - 5 scrolls of identify {unknown}
 l - a scroll of brand weapon {unknown}
 q - a scroll of enchant armour {unknown}
 t - 2 scrolls of blinking {unknown}
 x - a scroll of amnesia {unknown}
Potions
 d - a potion of might
 e - a potion of ambrosia {unknown}
 g - a potion of invisibility {unknown}
 h - a potion of brilliance {unknown}
 m - a potion of cancellation {unknown}
 n - a potion of lignification {unknown}
 p - a potion of mutation {unknown}
 s - a potion of attraction {unknown}
 z - a potion of degeneration {unknown}


   Skills:
 + Level 6.1 Fighting
 + Level 5.3 Axes
 - Level 3.6 Armour
 + Level 6.1 Shields


You had 5 spell levels left.
You didn't know any spells.
Your spell library contained the following spells:

 Spells                   Type           Power      Damage    Failure   Level
 Freeze                   Ice            0%         1d3       86%         1
 Frozen Ramparts          Ice            0%         1d1       99%         3
 Gell's Gravitas          Tloc           0%         N/A       99%         3
 Lesser Beckoning         Tloc           0%         N/A       99%         3
 Teleport Other           Tloc           0%         N/A       99%         3
 Hailstorm                Conj/Ice       0%         3d3       100%        4
 Summon Ice Beast         Ice/Summ       0%         N/A       100%        4
 Summon Mana Viper        Hex/Summ       0%         N/A       100%        5
 Monstrous Menagerie      Summ           0%         N/A       100%        7


Dungeon Overview and Level Annotations

Branches:
Dungeon (5/15)
 Temple: D:4-7

Altars:
Nemelex Xobeh

Annotations:
D:4 3 runed translucent doors, XxsatanxX's ghost, amateur MiBe


Innate Abilities, Weirdness & Mutations

You have a pair of horns on your head.
You reflexively headbutt those who attack you in melee.


Message History

The gnoll hits you from afar with a +0 halberd.
The gnoll barely misses you.
You hit the gnoll. Your headbutt misses the gnoll.
The gnoll is severely wounded.
You barely miss the gnoll. The gnoll barely misses you.
The gnoll hits you with a +0 flail. The gnoll hits you but does no damage.
You slash the gnoll!
You kill the gnoll!
You hit the gnoll. The gnoll hits you with a +0 club.
The gnoll barely misses you. The gnoll hits you but does no damage.
The gnoll closely misses you.
You closely miss the gnoll. You headbutt the gnoll!
The gnoll is almost dead.
The gnoll barely misses you. You furiously retaliate!
You headbutt the gnoll, but do no damage.
The gnoll barely misses you.
Unknown command.
You hit the gnoll but do no damage.
The gnoll is almost dead.
The gnoll closely misses you. You block the gnoll's attack.
You slash the gnoll!
You kill the gnoll!
The gnoll barely misses you. The gnoll hits you with a +0 halberd!
You are too injured to fight recklessly!
Unknown command.
You are too injured to fight recklessly!
You are too injured to fight recklessly!
You are too injured to fight recklessly!
You are too injured to fight recklessly!
You hit the gnoll.
The gnoll is lightly wounded.
The gnoll hits you with a +0 halberd!
* * * LOW HITPOINT WARNING * * *
The gnoll hits you with a +0 halberd!
* * * LOW HITPOINT WARNING * * *
You barely miss the gnoll. Your headbutt misses the gnoll.
The gnoll is lightly wounded.
The gnoll hits you with a +0 halberd!
You die...

####.#
####.#
#....#
#.#####
#.....#
######.##
........#
######))#
.....)@.#
####.#g.#
...#..#
#.## #..#
. ....
##.## ..


You could see a gnoll.

Vanquished Creatures
  A black bear (D:4)
  A scorpion (D:4)
  An orc priest (D:4)
  2 iguanas (D:4)
  An orc wizard (D:4)
  3 gnolls (D:5)
  10 adders
  A worm (D:2)
  2 dart slugs (D:4)
  4 orcs
  8 ball pythons
  3 endoplasms
  4 giant cockroaches
  8 goblins
  4 hobgoblins
  2 jackals (D:2)
  6 kobolds
  2 quokkas
  8 bats
  3 frilled lizards
  9 rats
83 creatures vanquished.

Vanquished Creatures (others)
  7 fungi
  A plant (D:1)
8 creatures vanquished.

Grand Total: 91 creatures vanquished

Notes
Turn   | Place    | Note
-------+----------+-------------------------------------------
     0 | D:1      | hikkokomori the Minotaur Fighter began the quest for the
                  | Orb.
     0 | D:1      | Reached XP level 1. HP: 19/19 MP: 0/0
   185 | D:1      | Reached XP level 2. HP: 27/27 MP: 1/1
   355 | D:1      | Found a faded altar of an unknown god.
   656 | D:1      | Reached XP level 3. HP: 33/33 MP: 2/2
  1096 | D:2      | Reached XP level 4. HP: 41/41 MP: 3/3
  2151 | D:4      | Reached skill level 5 in Fighting
  2151 | D:4      | Reached skill level 5 in Shields
  2151 | D:4      | Reached XP level 5. HP: 47/48 MP: 4/4
  2166 | D:4      | Found a sparkling altar of Nemelex Xobeh.
  2193 | D:4      | Found a runed translucent gate.
  2194 | D:4      | Found a runed translucent gate.
  2194 | D:4      | Noticed XxsatanxX's ghost (amateur MiBe)
  2195 | D:4      | Found a runed translucent gate.
  2628 | D:4      | Reached XP level 6. HP: 27/56 MP: 5/5
  2920 | D:4      | Reached skill level 5 in Axes
  3309 | D:5      | Entered Level 5 of the Dungeon
  3373 | D:5      | Slain by a gnoll

Illustrated notes

Levels and vault maps discovered:
D:1:      nicolae_arrival_memento_mori, layout_basic,
          shapermc_ecumenical_altar_mp_urbaneastern, kennysheep_pointless_box
D:2:      layout_rooms
D:3:      layout_rooms
D:4:      layout_cave_pools, mainiacjoe_overflow_paths,
          gammafunk_ghost_nasty_kobolds, dreamdust_mushroom_princess,
          chequers_serial_rivers_small_3, hangedman_decor_points
D:5:      layout_basic, kennysheep_orc_sif_temple,
          mainiacjoe_overflow_surrounded_room,
          gammafunk_temple_overflow_forgotten, serial_shops,
          nicolae_shop_crystal

Skill      XL: |  1  2  3  4  5  6 |
---------------+-------------------+-----
Fighting       | 4 5 6 |  6.1
Shields        | 4 5 6 |  6.1
Axes           | 3 4 5 |  5.3
Armour         | |  3.6

Action                   |  1- 3 |  4- 6 || total
-------------------------+-------+-------++-------
Melee: War axe           |    71 |   107 ||   178
       Headbutt          |     5 |    18 ||    23
Armor: Scale mail        |    35 |    42 ||    77
Dodge: Dodged            |    42 |    56 ||    98
Block: Buckler           |    24 |    20 ||    44
